 Dungeon Crawl Stone Soup version 0.28-a0-589-g333b8329f1 (webtiles) character file.

Game seed: 12222838959915703425

51541 Heedrag the Spear-Bearer (level 14, -2/129 HPs)
             Began as a Minotaur Fighter on Oct 3, 2021.
             Was the Champion of Okawaru.
             Slain by a wyvern (12 damage)
             ... on level 6 of the Lair of Beasts.
             The game lasted 00:49:55 (26766 turns).

Heedrag the Spear-Bearer (Minotaur Fighter)        Turns: 26766, Time: 00:49:56

Health: -2/129     AC: 25    Str: 27    XL:     14   Next: 23%
Magic:  19/19      EV: 12    Int:  5    God:    Okawaru [******]
Gold:   696        SH:  7    Dex: 15    Spells: 13/13 levels left

rFire   + . .      SeeInvis +   X - +8 lance "Wyrmbane" {slay drac, rPois rF+ rC+ AC+3}
rCold   + . .      Faith    .   c - +0 buckler
rNeg    . . .      Spirit   .   E - +0 plate armour
rPois   +          Reflect  .   q - +1 hat
rElec   .          Harm     .   p - +0 cloak
rCorr   .          Rampage  .   d - +1 pair of gloves
Will    +....                   n - +1 pair of boots {Fly}
Stlth   ..........              (no amulet)
HPRegen 0.31/turn               z - ring of see invisible
MPRegen 0.16/turn               T - ring of the Villain {Fly Str+3 Dex+3}

@: flying
A: horns 2, retaliatory headbutt
a: Renounce Religion, Heroism, Finesse, Duel


You were on level 6 of the Lair of Beasts.
You worshipped Okawaru.
Okawaru was exalted by your worship.
You visited 3 branches of the dungeon, and saw 19 of its levels.
You also visited: Bailey.

You collected 1746 gold pieces.
You spent 1050 gold pieces at shops.

Inventory:

Hand Weapons
 V - a +0 broad axe
   (You took it off an orc warrior in a bailey)
 X - the +8 lance "Wyrmbane" (weapon) {slay drac, rPois rF+ rC+ AC+3}
   (You bought it in a shop on level 3 of the Dungeon)

   It inflicts extra damage against dragons and draconians.
   AC:        It affects your AC (+3).
   rF:        It protects you from fire.
   rC:        It protects you from cold.
   rPois:     It protects you from poison.
Missiles
 a - 6 javelins
 h - 2 throwing nets {!f}
 j - 11 silver javelins
 D - 41 poisoned darts
 U - 55 boomerangs (quivered)
Armour
 c - a +0 buckler (worn)
 d - a +1 pair of gloves (worn)
   (You found it on level 3 of the Lair of Beasts)
 n - a +1 pair of boots of flying (worn)
   (You found it on level 4 of the Lair of Beasts)
 p - a +0 cloak (worn)
   (You found it on level 3 of the Lair of Beasts)
 q - a +1 hat (worn)
   (You took it off Gastronok on level 3 of the Lair of Beasts)
 A - the +1 ring mail of Peran {Str+2}
   (Okawaru gifted it to you on level 6 of the Lair of Beasts)

   Str:       It affects your strength (+2).
 E - a +0 plate armour (worn)
   (You found it on level 4 of the Dungeon)
 J - a +0 kite shield
   (You found it on level 9 of the Dungeon)
Jewellery
 i - a ring of protection from fire
   (You found it on level 8 of the Dungeon)
 m - a ring of positive energy
   (You found it on level 4 of the Lair of Beasts)
 z - a ring of see invisible (left hand)
   (You found it on level 2 of the Dungeon)
 N - a ring of ice
   (You found it on level 9 of the Dungeon)
 T - the ring of the Villain (right hand) {Fly Str+3 Dex+3}
   (You found it in a bailey)

   [ring of flight]

   Str:       It affects your strength (+3).
   Dex:       It affects your dexterity (+3).
   Fly:       It grants you flight.
Wands
 u - a wand of paralysis (20)
   (You found it on level 10 of the Dungeon)
 v - a wand of digging (13)
   (You found it on level 7 of the Dungeon)
 x - a wand of acid (20)
   (You found it on level 3 of the Dungeon)
 y - a wand of mindburst (27)
   (You took it off a centaur on level 7 of the Dungeon)
 M - a wand of polymorph (8)
   (You found it on level 9 of the Dungeon)
Scrolls
 f - 2 scrolls of enchant weapon
 g - 2 scrolls of enchant armour {unknown}
 o - a scroll of identify {@r1}
 r - 2 scrolls of immolation {unknown}
 w - a scroll of amnesia {unknown}
 B - 2 scrolls of fog {unknown}
 C - a scroll of holy word {unknown}
 G - 5 scrolls of magic mapping
 H - a scroll of summoning {unknown}
 I - 9 scrolls of teleportation {@r4}
 K - a scroll of silence {unknown}
 O - a scroll of blinking {unknown}
 W - a scroll of vulnerability {unknown}
Potions
 b - a potion of mutation {!q}
 e - a potion of attraction {unknown}
 k - 9 potions of curing {@q1}
 l - 2 potions of heal wounds {@q2}
 s - 2 potions of berserk rage
 t - a potion of haste {unknown}
 F - a potion of invisibility {unknown}
 L - a potion of brilliance
 P - 3 potions of magic
 Q - 3 potions of lignification {!q}
 S - a potion of might


   Skills:
 * Level 13.5 Fighting
 - Level 4.1(9.9) Axes
 + Level 13.8(14.0) Polearms
 + Level 7.4 Throwing
 + Level 11.8 Armour
 + Level 10.3 Dodging
 + Level 11.9 Shields
 + Level 8.0 Invocations


You had 13 spell levels left.
You didn't know any spells.
Your spell library contained the following spells:

 Spells                   Type           Power      Damage    Failure   Level
 Corpse Rot               Necr/Air       N/A        N/A       99%         2
 Slow                     Hex            0%         N/A       99%         2
 Confusing Touch          Hex            0%         N/A       100%        3
 Dazzling Flash           Conj/Hex       0%         N/A       100%        3
 Gell's Gravitas          Tloc           0%         N/A       100%        3
 Ignite Poison            Fire/Tmut/Pois 0%         N/A       100%        3
 Mephitic Cloud           Conj/Pois/Air  0%         N/A       100%        3
 Ozocubu's Armour         Ice            0%         N/A       100%        3
 Teleport Other           Tloc           0%         N/A       100%        3
 Vampiric Draining        Necr           0%         2d6       100%        3
 Dispel Undead            Necr           0%         3d6       100%        4
 Iskenderun's Mystic Bla  Conj/Tloc      0%         2d3       100%        4
 Leda's Liquefaction      Hex/Erth       0%         N/A       100%        4
 Freezing Cloud           Conj/Ice/Air   0%         6-21      100%        5
 Lee's Rapid Deconstruct  Erth           0%         3d5*      100%        5
 Metabolic Englaciation   Hex/Ice        0%         N/A       100%        5
 Dispersal                Tloc           0%         N/A       100%        6
 Starburst                Conj/Fire      0%         6d3       100%        6
 Statue Form              Tmut/Erth      0%         N/A       100%        6
 Death Channel            Necr           Unusable   N/A       N/A         6
 Simulacrum               Ice/Necr       Unusable   N/A       N/A         6

Dungeon Overview and Level Annotations

Branches:
Dungeon (12/15)            Temple (1/1) D:7            Lair (6/6) D:11
 Shoals (0/4) Lair:3       Spider (0/4) Lair:3        Slime (0/5) Lair:6
    Orc (0/2) D:11         Bailey (visited)

Altars:
Ashenzari
Cheibriados
Dithmenos
Elyvilon
Fedhas
Gozag
Hepliaklqana
Kikubaaqudgha
Makhleb
Nemelex Xobeh
Okawaru
Qazlal
Ru
Sif Muna
Trog
Uskayaw
Vehumet
Wu Jian
Xom
Yredelemnul
Zin
The Shining One
Beogh

Shops:
D:3 (   D:7 (!?(=

Annotations:
D:11 1 runed translucent door, tilp's ghost, novice FeWz
Lair:2 1 runed translucent door, graki42's ghost, journeyman DEFE


Innate Abilities, Weirdness & Mutations

You have a pair of horns on your head.
You reflexively headbutt those who attack you in melee.


Message History

You feel sick.
You feel sick.
You feel sick.
You feel sick.
You feel sick.
Found a robe.
You feel sick.
You feel sick.
You are no longer poisoned.
A water moccasin comes into view.
A water moccasin is nearby!
The water moccasin hisses angrily.
You are too injured to fight recklessly!
Reach: X) +8 lance "Wyrmbane" {slay drac, rPois rF+ rC+ AC+3}
Aim: a water moccasin (about 33% to evade the +8 lance "Wyrmbane")
You reach to attack!
You puncture the water moccasin!
Reach: X) +8 lance "Wyrmbane" {slay drac, rPois rF+ rC+ AC+3}
Aim: a water moccasin (heavily wounded, about 33% to evade the +8 lance "Wyrmbane")
You reach to attack!
You barely miss the water moccasin.
Reach: X) +8 lance "Wyrmbane" {slay drac, rPois rF+ rC+ AC+3}
Aim: a water moccasin (heavily wounded, about 33% to evade the +8 lance "Wyrmbane")
You puncture the water moccasin! The water moccasin barely misses you.
Reach: X) +8 lance "Wyrmbane" {slay drac, rPois rF+ rC+ AC+3}
Aim: a water moccasin (almost dead, about 33% to evade the +8 lance "Wyrmbane")
You puncture the water moccasin!
You kill the water moccasin!
Okawaru accepts your kill.
Unknown command.
You start resting.
A wyvern comes into view.
The wyvern moves out of view.
You start resting.
A wyvern is nearby!
You start resting.
A wyvern is nearby!
The wyvern hisses angrily.
Reach: X) +8 lance "Wyrmbane" {slay drac, rPois rF+ rC+ AC+3}
Aim: a wyvern (about 24% to evade the +8 lance "Wyrmbane")
You reach to attack!
You hit the wyvern.
Reach: X) +8 lance "Wyrmbane" {slay drac, rPois rF+ rC+ AC+3}
Aim: a wyvern (lightly wounded, about 24% to evade the +8 lance "Wyrmbane")
You hit the wyvern but do no damage. You headbutt the wyvern!
The wyvern bites you!
* * * LOW HITPOINT WARNING * * *
Reach: X) +8 lance "Wyrmbane" {slay drac, rPois rF+ rC+ AC+3}
Aim: a wyvern (heavily wounded, about 23% to evade the +8 lance "Wyrmbane")
Okay, then.
Reach: X) +8 lance "Wyrmbane" {slay drac, rPois rF+ rC+ AC+3}
Aim: a wyvern (heavily wounded, about 23% to evade the +8 lance "Wyrmbane")
You hit the wyvern. The wyvern bites you!
You die...

.....##..PP..# ## .....##..PP..##
# ...#####...†..### ...## #
.###[.######††..## ....##### #
##.......##.?##$..## ....[...# #
....##..####†.##....###.......#.#
...##...# #...##.....#..........
..##...##..##...##....P..l.......
.##....#....#...@##...P....##...#
##....##....##..l.##.P..........
#.....#......P.....##P.....###.
#....##......##....##....#.# .
.....#........#..†P..†....#..
...P.#.P.#...P#PP†........# ..#
P.#...........#.#.#.....### ..
.###...†......######....# # ##
#..†.†..P.### ###...##


You could see a wyvern.

Vanquished Creatures
  Gastronok (Lair:3)
  3 boulder beetles
  4 hydras
  A catoblepas (Lair:6)
  The ghost of NigelTetley the Thaumaturge, a journeyman DECj of Vehumet (Lair:3)
  2 two-headed ogres
  3 death yaks (Lair:5)
  2 orc knights (Bailey)
  A wolf spider (Lair:6)
  An ugly thing (D:11)
  A guardian serpent (Lair:6)
  7 elephants
  An ice statue (Lair:4)
  8 black mambas
  19 cane toads
  2 unseen horrors
  A gargoyle (D:12)
  3 rime drakes
  17 komodo dragons
  An efreet (D:11)
  A troll (D:11)
  4 hornets
  16 blink frogs
  A snapping turtle (Lair:3)
  3 redbacks (Lair:6)
  11 wyverns
  43 yaks
  3 basilisks
  Edmund (D:4)
  2 acid dragons
  27 water moccasins
  9 orc warriors
  A black bear (D:7)
  2 ice beasts
  2 sky beasts (D:7)
  5 centaurs
  An ogre (D:7)
  15 wolves
  2 phantoms
  3 kobold brigands
  8 scorpions
  13 bullfrogs
  A wyvern zombie (D:8)
  6 killer bees
  5 electric eels
  A crimson imp (D:5)
  7 howler monkeys
  3 hounds
  A bullfrog zombie (D:7)
  5 centaur zombies
  A centaur skeleton (D:7)
  A jelly (D:6)
  3 bullfrog skeletons
  6 orc priests
  A gnoll shaman (D:9)
  Ijyb (D:5)
  10 orc wizards
  4 iguanas
  6 hell rats (Lair:1)
  2 howler monkey skeletons
  18 gnolls
  8 adders
  A white imp (D:7)
  An ufetubus (D:4)
  An adder skeleton (D:4)
  4 worms
  3 dart slugs
  43 orcs
  5 ball pythons
  6 endoplasms
  6 giant cockroaches
  18 goblins
  6 hobgoblins
  A quokka (D:1)
  6 bats
  4 frilled lizards
  A goblin skeleton (D:5)
  A goblin zombie (D:5)
  A hobgoblin zombie (D:5)
  37 kobolds
  A kobold skeleton (D:5)
  An orc skeleton (D:5)
  4 rats (D:1)
493 creatures vanquished.

Vanquished Creatures (others)
  2 orcs (D:11)
  84 fungi
  113 plants
199 creatures vanquished.

Grand Total: 692 creatures vanquished

Notes
Turn   | Place    | Note
-------+----------+-------------------------------------------
     0 | D:1      | Heedrag the Minotaur Fighter began the quest for the Orb.
     0 | D:1      | Reached XP level 1. HP: 19/19 MP: 0/0
   138 | D:1      | Reached XP level 2. HP: 26/27 MP: 1/1
   152 | D:1      | Found a faded altar of an unknown god.
   613 | D:2      | Reached skill level 1 in Dodging
   695 | D:2      | Reached XP level 3. HP: 33/33 MP: 2/2
   974 | D:2      | Reached XP level 4. HP: 38/40 MP: 3/3
  1362 | D:3      | Found a bloodstained altar of Trog.
  1671 | D:3      | Found a large runed translucent door.
  1672 | D:3      | Found a large runed translucent door.
  1672 | D:3      | Found a shimmering altar of Xom.
  1762 | D:3      | Found Waer's Weapon Emporium.
  2347 | D:3      | Reached skill level 1 in Throwing
  2347 | D:3      | Reached XP level 5. HP: 24/47 MP: 4/4
  2537 | D:4      | Reached skill level 1 in Polearms
  3055 | D:4      | Reached XP level 6. HP: 48/53 MP: 5/5
  3160 | D:4      | Noticed Edmund
  3274 | D:5      | Entered Level 5 of the Dungeon
  3639 | D:5      | Found a glowing golden altar of the Shining One.
  3769 | D:5      | Reached XP level 7. HP: 53/60 MP: 6/6
  3770 | D:5      | Reached skill level 5 in Fighting
  3779 | D:5      | Reached skill level 5 in Shields
  4191 | D:5      | Reached skill level 5 in Armour
  4394 | D:5      | Found a stormy altar of Qazlal.
  4670 | D:5      | Noticed Ijyb
  4682 | D:5      | Killed Ijyb
  5478 | D:6      | Reached XP level 8. HP: 47/69 MP: 7/7
  5627 | D:6      | Reached skill level 5 in Polearms
  6311 | D:6      | Noticed a hornet
  6391 | D:6      | Killed a hornet
  6635 | D:7      | Found Sunump's Jewellery Emporium.
  6983 | D:7      | Reached XP level 9. HP: 66/78 MP: 8/8
  7342 | D:7      | Found Yhibusm's Antique Weapon Emporium.
  7344 | D:7      | Found Javoi's Antique Weapon Boutique.
  7344 | D:7      | Found Tuuf's Distillery.
  7350 | D:7      | Found Gekhamess's Magic Scroll Shop.
  7541 | D:7      | Found a radiant altar of Vehumet.
  7706 | D:7      | Found a glowing silver altar of Zin.
  7920 | D:7      | Found a staircase to the Ecumenical Temple.
  7929 | Temple   | Entered the Ecumenical Temple
  7957 | Temple   | Became a worshipper of Warmaster Okawaru
  8343 | D:4      | Reached skill level 5 in Dodging
  8489 | D:4      | Killed Edmund
  9099 | D:8      | Reached skill level 1 in Invocations
  9392 | D:8      | Found an ornate altar of the Wu Jian Council.
  9406 | D:8      | Found a snail-covered altar of Cheibriados.
  9524 | D:8      | Identified the +1 ring mail of Xom's Regard {rC+}
  9808 | D:8      | Reached * piety under Okawaru
 10298 | D:8      | Identified the +3 barding of Woridol {rN+++ rCorr Str-4
                  | Stlth-}
 10828 | D:9      | Found a basalt altar of Yredelemnul.
 11927 | D:9      | Reached XP level 10. HP: 52/86 MP: 10/10
 12710 | D:10     | Entered Level 10 of the Dungeon
 13701 | D:10     | Noticed a two-headed ogre
 13711 | D:10     | Killed a two-headed ogre
 13803 | D:10     | Reached ** piety under Okawaru
 13901 | D:10     | Paralysed by an orc for 2 turns
 14079 | D:11     | Noticed a two-headed ogre
 14098 | D:11     | Killed a two-headed ogre
 14099 | D:11     | Reached skill level 10 in Polearms
 14460 | D:11     | Reached XP level 11. HP: 83/95 MP: 13/13
 14622 | D:11     | Reached *** piety under Okawaru
 15086 | D:11     | Found a staircase to the Lair.
 15111 | D:11     | Found a runed translucent door.
 15112 | D:11     | Found a shimmering altar of Xom.
 15112 | D:11     | Noticed tilp's ghost (novice FeWz)
 15112 | D:11     | Noticed a +0 war axe of chaos
 15419 | D:11     | Noticed a green ugly thing
 15430 | D:11     | Killed a green ugly thing
 15802 | D:11     | Noticed a boulder beetle
 15824 | D:11     | Killed a boulder beetle
 15824 | D:11     | Reached **** piety under Okawaru
 16157 | D:11     | Found a staircase to the Orcish Mines.
 17248 | D:12     | Found a flagged portal.
 17268 | Bailey   | Entered a bailey
 17276 | Bailey   | Noticed an orc knight
 17282 | Bailey   | Identified the ring of the Villain {Fly Str+3 Dex+3}
 17320 | Bailey   | Reached skill level 5 in Invocations
 17442 | Bailey   | Noticed an orc knight
 17677 | Bailey   | Killed an orc knight
 17882 | Bailey   | Killed an orc knight
 18306 | D:3      | Bought the +8 lance "Wyrmbane" {slay drac, rPois rF+ rC+
                  | AC+3} for 1050 gold pieces
 18306 | D:3      | Found the +8 lance "Wyrmbane" {slay drac, rPois rF+ rC+
                  | AC+3}
 18521 | Lair:1   | Entered Level 1 of the Lair of Beasts
 18548 | Lair:1   | Noticed a six-headed hydra
 18557 | Lair:1   | Killed a six-headed hydra
 18928 | Lair:1   | Reached ***** piety under Okawaru
 18929 | Lair:1   | Reached XP level 12. HP: 92/106 MP: 15/15
 18956 | Lair:1   | Noticed an eight-headed hydra
 18964 | Lair:1   | Killed an eight-headed hydra
 19322 | Lair:1   | Received a gift from Okawaru
 19323 | Lair:1   | Reached skill level 10 in Fighting
 19692 | Lair:1   | Reached skill level 10 in Armour
 19692 | Lair:1   | Reached skill level 10 in Shields
 19724 | Lair:1   | Reached skill level 5 in Throwing
 20785 | Lair:2   | Received a gift from Okawaru
 21053 | Lair:2   | Noticed an eight-headed hydra
 21058 | Lair:2   | Killed an eight-headed hydra
 21189 | Lair:2   | Noticed graki42's ghost (journeyman DEFE)
 21190 | Lair:2   | Found a runed translucent door.
 21192 | Lair:2   | Identified the +3 spear of Dominance {speed, rPois rCorr
                  | Dex-2}
 21484 | Lair:2   | Noticed a boulder beetle
 21573 | Lair:2   | Killed a boulder beetle
 22117 | Lair:3   | You are sucked into a shaft and drop 1 floor!
 22137 | Lair:4   | Received a gift from Okawaru
 22144 | Lair:4   | Reached XP level 13. HP: 113/116 MP: 16/16
 22880 | Lair:4   | Received a gift from Okawaru
 23527 | Lair:3   | Found a runed translucent door.
 23538 | Lair:3   | Noticed Gastronok
 23554 | Lair:3   | Killed Gastronok
 23589 | Lair:3   | You are sucked into a shaft and drop 1 floor!
 23972 | Lair:3   | Found a hole to the Spider Nest.
 24191 | Lair:3   | Noticed NigelTetley's ghost (journeyman DECj)
 24637 | Lair:3   | Found a staircase to the Shoals.
 24729 | Lair:3   | Killed NigelTetley's ghost
 25425 | Lair:5   | Received a gift from Okawaru
 25446 | Lair:6   | Entered Level 6 of the Lair of Beasts
 25492 | Lair:6   | Found a staircase to the Slime Pits.
 25755 | Lair:5   | Reached ****** piety under Okawaru
 25766 | Lair:5   | Received a gift from Okawaru
 26140 | Lair:6   | Reached skill level 10 in Dodging
 26158 | Lair:6   | Identified the +1 ring mail of Peran {Str+2} (Okawaru
                  | gifted it to you on level 6 of the Lair of Beasts)
 26158 | Lair:6   | Received a gift from Okawaru
 26476 | Lair:6   | Reached XP level 14. HP: 123/129 MP: 18/18
 26766 | Lair:6   | Slain by a wyvern

Illustrated notes

Levels and vault maps discovered:
D:1:      lightli_arrival_statue_moat, layout_rooms,
          shapermc_ecumenical_altar_mp_urbaneastern, minmay_indecisive_spiral
D:2:      layout_basic
D:3:      due_chaos_kobolds, layout_basic, trog_three_pillars_becter,
          serial_shops, nicolae_square_shop
D:4:      layout_cave_pools, uniq_edmund
D:5:      layout_layer_cave, grunt_qazlal_clouds, nicolae_tso_besieged_by_evil,
          minmay_chambers_of_fives, uniq_ijyb
D:6:      layout_basic, corexii_hall_statues_t
D:7:      cheibrodos_quashed, layout_basic, zin_academy, kennysheep_little_box,
          minmay_temple_entry_nine_rooms, serial_shops, nicolae_shop_stone,
          nicolae_shop_stone, nicolae_shop_crystal, shop_scrolls, shop
D:8:      layout_cave_pods, slow_altar_1, mainiacjoe_overflow_tiny_flanked,
          minmay_misc_feat_diagonals
D:9:      layout_loops_ring, mainiacjoe_overflow_paths, disabler_island
D:10:     layout_roguey
D:11:     layout_basic, due_lair_maze_entry_diamond, david_orc_5,
          ebering_ghost_xom
D:12:     layout_loops_ring, enter_bailey_7
Temple:   dpeg_chambers_temple
Lair:1:   layout_layer_cave
Lair:2:   layout_regular_city, ebering_ghost_funeral_grove,
          infiniplex_staircase_pool_2, serial_bayou_shore_a, grunt_megastairs_2
Lair:3:   layout_regular_city, minmay_shoals_entry_hut,
          nicolae_spider_entry_non_spiders, ebering_ghost_reflecting_pool,
          lemuel_fruit_fields, uniq_gastronok
Lair:4:   statuecave_lemuel, layout_cave_shapes
Lair:5:   layout_hall_layers
Lair:6:   guppyfry_lair_end_dragon, layout_concentric_octagons,
          hangedman_lair_tendril_chambers, slime_dummy, patterned_corridor

Skill      XL: |  1  2  3  4  5  6  7  8  9 10 11 12 13 14 |
---------------+-------------------------------------------+-----
Axes           | 3 4 |  4.1
Dodging        | 1 2 3 4 5 6 8 9 10 | 10.3
Fighting       | 4 5 6 7 8 9 11 13 | 13.5
Shields        | 4 5 6 7 8 9 10 11 | 11.9
Armour         | 4 5 6 7 8 9 10 11 | 11.8
Throwing       | 1 2 3 4 5 7 |  7.4
Polearms       | 1 3 4 6 8 10 12 13 | 13.8
Invocations    | 2 4 5 6 7 8 |  8.0

Action                   |  1- 3 |  4- 6 |  7- 9 | 10-12 | 13-15 || total
-------------------------+-------+-------+-------+-------+-------++-------
Melee: War axe           |    62 |    55 |       |       |       ||   117
       Headbutt          |    10 |    21 |    74 |   214 |   149 ||   468
       Trident           |       |   112 |   454 |   604 |       ||  1170
       Lance             |       |       |       |   347 |   587 ||   934
Throw: Dart              |       |       |    20 |    10 |       ||    30
       Javelin           |       |       |       |     2 |       ||     2
       Boomerang         |       |       |       |    65 |       ||    65
Invok: Heroism           |       |       |       |     9 |     1 ||    10
  Use: Potion            |       |     1 |     1 |     1 |     1 ||     4
       Scroll            |       |       |       |    12 |       ||    12
 Stab: Petrified         |       |       |       |       |     4 ||     4
Armor: Scale mail        |    29 |    69 |   107 |       |       ||   205
       Plate armour      |       |       |   104 |   183 |   107 ||   394
Dodge: Dodged            |    32 |    81 |   200 |   215 |   127 ||   655
Block: Buckler           |    14 |    30 |   109 |   131 |    89 ||   373

Table legend: (Time is in decaauts)
 A = Elapsed time spent in this place.
 B = Non-inter-level travel time spent in this place.
 C = Inter-level travel time spent in this place.
 D = Time resting spent in this place.
 E = Time spent auto-exploring this place.
 F = Levels seen in this place.
 G = Mean time per level.
                   A        B        C        D        E       F      G
               +--------+--------+--------+--------+--------+-----+--------+
         Total |  26212 |  24401 |   1811 |   5540 |  14744 |  20 | 1310.6 |
       Dungeon |  17679 |  16226 |   1453 |   4881 |   8903 |  12 | 1473.2 |
        Temple |    264 |    232 |     32 |      0 |    219 |   1 |  264.0 |
          Lair |   7524 |   7199 |    325 |    633 |   5294 |   6 | 1254.0 |
        Bailey |    744 |    744 |      0 |     26 |    328 |   1 |  744.0 |
               +--------+--------+--------+--------+--------+-----+--------+

Top non-repeatable levels by time:
    D:11: 2952 daAuts
     D:9: 2564 daAuts
     D:5: 1984 daAuts
     D:3: 1963 daAuts
  Lair:1: 1840 daAuts
  Lair:4: 1649 daAuts
     D:8: 1570 daAuts
     D:6: 1527 daAuts
    D:10: 1262 daAuts
     D:7: 1237 daAuts
  Lair:2: 1215 daAuts
  Lair:3: 1128 daAuts
     D:4: 1067 daAuts
  Lair:5: 1029 daAuts
     D:2: 783 daAuts
